 Dungeon Crawl Stone Soup version 0.23-a0-650-ga4d50d4 (webtiles) character file.

65 Borgoz the Cutter (level 4, 0/29 HPs)
             Began as a Kobold Berserker on Jan 2, 2019.
             Was a Believer of Trog.
             Shot with an arrow by a centaur (8 damage)
             ... on level 3 of the Dungeon.
             The game lasted 00:03:53 (2003 turns).

Borgoz the Cutter (Kobold Berserker)                Turns: 2003, Time: 00:03:54

Health: 0/29       AC:  6    Str: 14    XL:     4   Next: 34%
Magic:  4/4        EV: 13    Int:  8    God:    Trog [**....]
Gold:   90         SH:  0    Dex: 15    Spells: 3/3 levels left

rFire    . . .     SeeInvis .   a - +0 short sword
rCold    . . .     Gourm    .   (shield restricted)
rNeg     . . .     Faith    .   e - +0 scale mail
rPois    .         Spirit   .   (no helmet)
rElec    .         Reflect  .   (no cloak)
rCorr    .         Harm     .   (no gloves)
MR       .....                  (no boots)
Stlth    ..........             (no amulet)
HPRegen  0.09/turn              (no ring)
MPRegen  0.09/turn              (no ring)

@: no status effects
A: small, carnivore
a: Berserk, Trog's Hand, Renounce Religion


You were on level 3 of the Dungeon.
You worshipped Trog.
Trog was pleased with you.
You were completely stuffed.

You visited 1 branch of the dungeon, and saw 3 of its levels.

You collected 90 gold pieces.

Inventory:

Hand Weapons
 a - a +0 short sword (weapon)
Missiles
 q - 5 tomahawks (quivered)
Armour
 b - a +0 animal skin
 e - a +0 scale mail (worn)
Jewellery
 f - a cursed -3 ring of strength {unknown}
Scrolls
 d - a scroll of fear {unknown}
 i - 3 scrolls of identify {unknown}
 k - a scroll of immolation {unknown}
 m - a scroll of amnesia {unknown}
Potions
 g - 2 potions of haste {unknown}
 h - 3 potions of resistance {unknown}
 j - 2 potions of degeneration {unknown}
 l - 3 potions of flight {unknown}
 n - 2 potions of heal wounds {unknown}
 p - a potion of brilliance {unknown}
Comestibles
 c - 3 rations
 o - 3 chunks of flesh


   Skills:
 * Level 4.1 Fighting
 + Level 4.4 Short Blades
 * Level 2.2 Armour
 + Level 3.0 Dodging
 + Level 1.3 Stealth


You had 3 spell levels left.
You didn't know any spells.
Your spell library was empty.

Dungeon Overview and Level Annotations

Branches:
Dungeon (3/15)

Altars:


Innate Abilities, Weirdness & Mutations

You are small and have problems with some larger weapons.
You are carnivorous and can eat meat at any time.


Message History

a +0 flail; a +0 leather armour There isn't anything to butcher here.
There is a stone staircase leading down here.
q - 5 tomahawks (gained 4)
A frilled lizard comes into view.
A frilled lizard is nearby!
You are too injured to fight recklessly!
You are too injured to fight recklessly!
You are too injured to fight recklessly!
A frilled lizard is nearby!
A frilled lizard is nearby!
A frilled lizard is nearby!
A frilled lizard is nearby!
A frilled lizard is nearby!
A centaur comes into view.
A centaur is nearby!
The centaur shouts!
The centaur wields a +1 shortbow of freezing.
It is covered in frost.
The centaur shoots an arrow.
The arrow hits you!
You die...

. ... . ######c.# ...
#..@...# ...
######.#######.###.
...######........>l).......
#.#.......###..........$##
#...#####.....#########.#
###..##.......##
.....<^.#####.# .##..#.##
#.# #.รท.##..## #..


You could see a centaur.

Vanquished Creatures
  3 adders
  A dart slug (D:1)
  2 leopard geckos
  An orc (D:3)
  A ball python (D:1)
  A giant cockroach (D:1)
  3 goblins (D:1)
  5 hobgoblins
  6 kobolds
  A quokka (D:2)
  4 bats
  2 frilled lizards (D:1)
  2 rats (D:1)
32 creatures vanquished.

Notes
Turn   | Place    | Note
-------+----------+-------------------------------------------
     0 | D:1      | Borgoz the Kobold Berserker began the quest for the Orb.
     0 | D:1      | Reached XP level 1. HP: 14/14 MP: 1/1
   178 | D:1      | Reached XP level 2. HP: 16/19 MP: 2/2
   504 | D:1      | Reached XP level 3. HP: 19/24 MP: 3/3
   999 | D:2      | Reached skill level 1 in Stealth
  1241 | D:2      | Reached ** piety under Trog
  1241 | D:2      | Reached XP level 4. HP: 8/29 MP: 4/4
  1921 | D:3      | HP: 1/29 [poisoned by an adder]
  2002 | D:3      | Noticed a centaur
  2003 | D:3      | Shot with an arrow by a centaur

Vault maps used:
D:1:      shiori_arrival_maze, kennysheep_pointless_box
D:2:      first_ration
D:3:      chequers_ecumenical_altar_simple

Skill      XL: |  1  2  3  4 |
---------------+-------------+-----
Armour         | 2 |  2.2
Stealth        | 1 |  1.3
Fighting       | 4 |  4.1
Dodging        | 3 |  3.0
Short Blades   | |  4.4

Action                   |  1- 3 |  4- 6 || total
-------------------------+-------+-------++-------
Melee: Short sword       |   116 |    31 ||   147
 Stab: Sleeping          |     1 |       ||     1
  Eat: Chunk             |     9 |     3 ||    12
Armor: Scale mail        |    32 |     9 ||    41
       Animal skin       |     1 |       ||     1
Dodge: Dodged            |    64 |    19 ||    83

Table legend:
 A = Non-vault XP
 B = Vault XP
 C = Vault XP percentage of total XP
 D = Non-vault monster count
 E = Vault monster count
 F = Vault count percentage of total count
                 A         B        C        D         E       F
            +---------+---------+-------+---------+---------+-------
      Total |      90 |       3 |   3.2 |      30 |       2 |   6.2
            +---------+---------+-------+---------+---------+-------
        D:1 |      34 |       3 |   8.1 |      19 |       2 |   9.5
        D:2 |      35 |       0 |   0.0 |       7 |       0 |   0.0
        D:3 |      21 |       0 |   0.0 |       4 |       0 |   0.0
            +---------+---------+-------+---------+---------+-------
